[Event "Titled Tuesday Blitz December 20 Early 2022"]
[White "GHANDEEVAM2003"]
[Black "Harsha_Bharathakoti"]
[WhiteElo "3050"]
[BlackElo "2867"]
[Result "1/2-1/2"]
[Round "05"]
[TimeControl "180+2"]
[Date "2022.12.20"]
[WhiteClock "0:00:11"]
[BlackClock "0:00:05"]

1. c4 g6 2. g3 Bg7 3. Bg2 c5 4. Nc3 Nc6 5. d3 d6 6. Qd2 h5 7. h4 Nh6 8. b3 Nf5 9. Bb2 O-O 10. e3 e6 11. Nge2 Qd7 12. Ne4 Ne5 13. d4 cxd4 14. Nxd4 Rd8 15. Nxf5 gxf5 16. Ng5 Rb8 17. O-O b5 18. cxb5 Rxb5 19. Qe2 Ng4 20. Bxg7 Kxg7 21. Rac1 Bb7 22. e4 fxe4 23. Bxe4 Bxe4 24. Qxe4 Nf6 25. Qd4 Rd5 26. Qb2 e5 27. Rc4 Rc8 28. Qc2 Rxc4 29. bxc4 Rc5 30. Rd1 d5 31. Qd2 Rxc4 32. Nf3 Qf5 33. Qg5+ Qxg5 34. hxg5 Ng4 35. Rxd5 Rc1+ 36. Kg2 e4 37. Nd4 Kg6 38. Ne2 Rc2 39. Nf4+ Kh7 40. Rd7 Rxf2+ 41. Kg1 h4 42. g6+ Kg7 43. Rxf7+ Kg8 44. gxh4 e3 45. Nd5 Rxf7 46. gxf7+ Kxf7 47. Kf1 Kg6 48. Ke2 Kh5 49. a4 Kxh4 50. a5 Kg5 51. a6 Ne5 52. Kxe3 Nc6 53. Ke4 Nb8 54. Nc7 Nxa6 55. Nxa6 Kf6 56. Kd5 Kf7 57. Kc6 Kf8 58. Kb7 Kg8 59. Kxa7 1/2-1/2


[Site "https://www.chess.com"]

[Event "Titled Tuesday Blitz December 20 Early 2022"]
[White "GP9isback23"]
[Black "D`Arruda, Ricardo D."]
[BlackFideId "100692"]
[WhiteElo "2577"]
[BlackElo "2271"]
[Result "1/2-1/2"]
[Round "05"]
[TimeControl "180+2"]
[Date "2022.12.20"]
[WhiteClock "0:00:15"]
[BlackClock "0:00:52"]

1. d4 Nf6 2. Nf3 g6 3. e3 Bg7 4. Be2 d6 5. O-O O-O 6. b3 c5 7. Bb2 Nc6 8. c4 Ne4 9. Nbd2 Bf5 10. Nxe4 Bxe4 11. Nd2 Bf5 12. Nf3 Qb6 13. dxc5 dxc5 14. Bxg7 Kxg7 15. Qd2 Rfd8 16. Qb2+ Kg8 17. Rad1 Rxd1 18. Rxd1 Rd8 19. Rxd8+ Qxd8 20. h3 Qd6 21. Qc3 b6 22. Nd2 Qe5 23. Qxe5 Nxe5 24. f4 Nc6 25. e4 Bd7 26. Bd3 e5 27. f5 Kg7 28. Kf2 Kf6 29. g4 h5 30. Nf3 hxg4 31. hxg4 g5 32. Ke3 Nd4 33. Nd2 a5 34. Be2 a4 35. Bd1 a3 36. Nb1 b5 37. Nxa3 b4 38. Nc2 Nxc2+ 39. Bxc2 Ke7 40. Kd2 Kd6 41. Kc1 Kc7 42. Kb2 Kb6 43. a3 bxa3+ 44. Kxa3 Ka5 45. Bd3 f6 46. Be2 Bc6 47. Bd3 Bb7 48. Bc2 Bc6 49. Bd3 Bb7 50. Bb1 Bc6 51. Bd3 1/2-1/2


[Site "https://www.chess.com"]

[Event "Titled Tuesday Blitz December 20 Early 2022"]
[White "GiorgianBarbosa"]
[Black "Witek, Tomasz"]
[BlackFideId "1130056"]
[WhiteElo "2484"]
[BlackElo "2000"]
[Result "1/2-1/2"]
[Round "05"]
[TimeControl "180+2"]
[Date "2022.12.20"]
[WhiteClock "0:00:16"]
[BlackClock "0:00:26"]

1. d4 d5 2. c4 e6 3. Nc3 c5 4. cxd5 exd5 5. Nf3 Nc6 6. g3 Nf6 7. Bg2 cxd4 8. Nxd4 Bc5 9. Nb3 Bb6 10. O-O d4 11. Na4 O-O 12. Nxb6 axb6 13. Bf4 Re8 14. a3 Bg4 15. Bxc6 bxc6 16. Qxd4 Bxe2 17. Qxd8 Raxd8 18. Rfe1 Nd5 19. Bd2 c5 20. Rac1 f6 21. a4 Ba6 22. a5 c4 23. Nd4 b5 24. Nc6 Rxe1+ 25. Rxe1 Rd6 26. Nb4 Kf7 27. Nxd5 Rxd5 28. Bb4 Re5 29. Rxe5 fxe5 30. f4 exf4 31. gxf4 Ke6 32. Kf2 1/2-1/2


[Site "https://www.chess.com"]

[Event "Titled Tuesday Blitz December 20 Early 2022"]
[White "GoltsevDmitry2000"]
[Black "Djeno, Drago"]
[BlackFideId "14400421"]
[WhiteElo "2739"]
[BlackElo "2223"]
[Result "1-0"]
[Round "05"]
[TimeControl "180+2"]
[Date "2022.12.20"]
[WhiteClock "0:02:03"]
[BlackClock "0:00:19"]

1. e4 c5 2. Nf3 e6 3. d4 cxd4 4. Nxd4 a6 5. Nc3 b5 6. a3 Bb7 7. Be2 Qc7 8. Be3 Nf6 9. f3 d5 10. exd5 Nxd5 11. Nxd5 Bxd5 12. Rc1 Bd6 13. g3 O-O 14. Kf2 Nc6 15. c4 bxc4 16. Bxc4 Bc5 17. Bxd5 Bxd4 18. Bxc6 Bxe3+ 19. Kxe3 Rad8 20. Qc2 Qb6+ 21. Ke2 Rc8 22. Rhd1 Rc7 23. Rd3 Qa5 24. Rc3 Qh5 25. Kf1 g6 26. Kg2 Rd8 27. Be4 Rcd7 28. Rd3 Rxd3 29. Bxd3 a5 30. Be2 Qe5 31. b4 axb4 32. axb4 Qe3 33. Rd1 Rb8 34. b5 h5 35. Qd3 Qe5 36. Rd2 Rb6 37. Qd8+ Kg7 38. Qxb6 1-0


[Site "https://www.chess.com"]

[Event "Titled Tuesday Blitz December 20 Early 2022"]
[White "Goryachkina, Aleksandra"]
[Black "Xiong, Jeffery"]
[WhiteFideId "4147103"]
[BlackFideId "2047640"]
[WhiteElo "2571"]
[BlackElo "2692"]
[Result "1-0"]
[Round "05"]
[TimeControl "180+2"]
[Date "2022.12.20"]
[WhiteClock "0:00:03"]
[BlackClock "0:00:13"]

1. Nf3 c5 2. c4 g6 3. Nc3 Bg7 4. e3 Nf6 5. d4 cxd4 6. exd4 O-O 7. d5 e6 8. Be2 exd5 9. cxd5 Re8 10. O-O d6 11. h3 Na6 12. Bf4 Nc5 13. Bb5 Re7 14. Re1 Rxe1+ 15. Qxe1 a6 16. Bf1 Bf5 17. Nd4 Nd3 18. Bxd3 Bxd3 19. Qd2 Bc4 20. Rd1 Rc8 21. Bg5 Qa5 22. b3 Bxd5 23. Bxf6 Bxf6 24. b4 Qxb4 25. Nxd5 Qxd2 26. Rxd2 Kg7 27. Nxf6 Kxf6 28. f4 h5 29. Nf3 Ke7 30. Kf2 Rc4 31. Ke3 Ra4 32. Nd4 Kf6 33. Ke4 h4 34. Kd5 Ke7 35. Rb2 b5 36. Rc2 Kd7 37. f5 g5 38. f6 b4 39. Nc6 a5 40. Nb8+ Kd8 41. Kxd6 Ra3 42. Nc6+ Ke8 43. Re2+ Kf8 44. Ne7 a4 45. Nd5 b3 46. axb3 axb3 47. Rb2 Kg8 48. Ke5 Ra2 49. Rxb3 Rxg2 50. Kf5 Rd2 51. Ne3 Kh7 52. Kxg5 Rh2 53. Ng4 1-0


[Site "https://www.chess.com"]

[Event "Titled Tuesday Blitz December 20 Early 2022"]
[White "GregLeBarbare"]
[Black "aidenzhouu"]
[WhiteElo "2242"]
[BlackElo "2386"]
[Result "0-1"]
[Round "05"]
[TimeControl "180+2"]
[Date "2022.12.20"]
[WhiteClock "0:01:00"]
[BlackClock "0:01:20"]

1. d4 Nf6 2. Bf4 g6 3. Nf3 Bg7 4. e3 O-O 5. Be2 d6 6. h3 Nfd7 7. Bh2 Nc6 8. O-O e5 9. c3 f5 10. dxe5 Ndxe5 11. Qd5+ Kh8 12. Rd1 Qe7 13. Nd4 Nxd4 14. cxd4 Nc6 15. Nc3 g5 16. Qb3 f4 17. Nd5 Qf7 18. exf4 Nxd4 19. Rxd4 Bxd4 20. Bc4 Be6 21. Rd1 Bg7 22. f5 Qxf5 23. Nxc7 Qxf2+ 24. Kh1 Bxc4 25. Qxc4 Rac8 26. Bxd6 Rfd8 27. Qb3 Rxd6 28. Rxd6 Qf1+ 29. Kh2 Qf4+ 30. Qg3 Qxg3+ 0-1


[Site "https://www.chess.com"]

[Event "Titled Tuesday Blitz December 20 Early 2022"]
[White "GuessChess_game"]
[Black "Felix-Rose"]
[WhiteElo "2424"]
[BlackElo "2299"]
[Result "0-1"]
[Round "05"]
[TimeControl "180+2"]
[Date "2022.12.20"]
[WhiteClock "0:02:43"]
[BlackClock "0:02:50"]

1. d4 d5 2. Nf3 Nf6 3. c4 e6 4. Nc3 Be7 5. Bg5 Nbd7 6. e3 h6 7. Bh4 O-O 8. Rc1 c5 9. cxd5 Nxd5 10. Be2 Bxh4 11. O-O Nxc3 12. Rxc3 cxd4 13. Qxd4 Bf6 14. Qa4 Bxc3 0-1


[Site "https://www.chess.com"]

[Event "Titled Tuesday Blitz December 20 Early 2022"]
[White "Guliev, Logman"]
[Black "Mikusinski, Bartosz"]
[WhiteFideId "13400061"]
[BlackFideId "1111256"]
[WhiteElo "2250"]
[BlackElo "2090"]
[Result "0-1"]
[Round "05"]
[TimeControl "180+2"]
[Date "2022.12.20"]
[WhiteClock "0:00:03"]
[BlackClock "0:00:06"]

1. e4 c5 2. Nf3 d6 3. d4 cxd4 4. Nxd4 Nf6 5. Nc3 g6 6. g3 Nc6 7. Nde2 h5 8. Bg2 h4 9. O-O hxg3 10. hxg3 Bh3 11. Nd5 Nxd5 12. exd5 Ne5 13. Nf4 Bxg2 14. Kxg2 Qd7 15. Rh1 Rxh1 16. Qxh1 Qf5 17. Qe1 g5 18. Nd3 Nxd3 19. cxd3 Qxd3 20. Qa5 b6 21. Qa4+ b5 22. Qb3 Qxb3 23. axb3 g4 24. Ra6 Bg7 25. Be3 Kd7 26. Kf1 Bxb2 27. Ke2 Be5 28. Kd3 f5 29. Bxa7 e6 30. dxe6+ Kxe6 31. Ra5 Kd7 32. b4 Kc6 33. Be3 Rxa5 34. bxa5 d5 35. Bd2 Kb7 36. Bb4 Ka6 37. Ke3 Kb7 38. Kd3 Kc6 39. Ke3 Bd6 40. Be1 Bc5+ 41. Kd3 Ba7 42. Ke2 Kb7 43. f3 Ka6 44. fxg4 fxg4 45. Kd3 Bc5 46. Bc3 b4 47. Be5 Kxa5 48. Kc2 Ka4 49. Kd3 Kb3 50. Bf6 Ka2 51. Be5 b3 0-1


[Site "https://www.chess.com"]

[Event "Titled Tuesday Blitz December 20 Early 2022"]
[White "Hasangatin_Ramil"]
[Black "Shankland, Sam"]
[BlackFideId "2004887"]
[WhiteElo "2705"]
[BlackElo "2711"]
[Result "1/2-1/2"]
[Round "05"]
[TimeControl "180+2"]
[Date "2022.12.20"]
[WhiteClock "0:00:13"]
[BlackClock "0:00:46"]

1. e4 c5 2. Nf3 d6 3. d4 cxd4 4. Qxd4 Nf6 5. Bb5+ Bd7 6. Bxd7+ Qxd7 7. O-O g6 8. c4 Bg7 9. Nc3 O-O 10. Qd3 Na6 11. Be3 Rfc8 12. Rad1 Qc6 13. Nd2 Nc5 14. Qc2 a6 15. b3 b5 16. Nd5 Nxd5 17. cxd5 Qb7 18. Qb1 a5 19. Nf3 Nd7 20. Bd4 Ne5 21. Nxe5 Bxe5 22. Bxe5 dxe5 23. Rc1 b4 24. Qb2 f6 25. h3 Kf7 26. Rxc8 Rxc8 27. Rc1 Rc7 28. Rxc7 Qxc7 29. Qe2 h5 30. g3 Qc3 31. Kg2 Qd4 32. Qc2 f5 33. exf5 Qxd5+ 34. Kg1 g5 35. Qe2 Kf6 36. Qxh5 Kxf5 37. Qh7+ Kf6 38. Qh6+ Kf5 39. Qh7+ Kf6 40. Qh6+ Kf5 41. Qh7+ 1/2-1/2


[Site "https://www.chess.com"]

[Event "Titled Tuesday Blitz December 20 Early 2022"]
[White "HashtagChess"]
[Black "Wild, Achim"]
[BlackFideId "4658728"]
[WhiteElo "1812"]
[BlackElo "2265"]
[Result "0-1"]
[Round "05"]
[TimeControl "180+2"]
[Date "2022.12.20"]
[WhiteClock "0:00:04"]
[BlackClock "0:00:23"]

1. e4 c5 2. Nf3 Nc6 3. d4 cxd4 4. Nxd4 g6 5. Nc3 Bg7 6. Be3 Nf6 7. Nxc6 bxc6 8. e5 Ng8 9. Bd4 e6 10. Ne4 Ne7 11. Nd6+ Kf8 12. Qf3 Nf5 13. Bc5 Nxd6 14. Bxd6+ Kg8 15. O-O-O h5 16. g4 Qg5+ 17. Kb1 Qxg4 18. Qd3 Qf5 19. Qg3 h4 20. Qc3 a5 21. Bh3 Qf4 22. Rd4 Qxf2 23. Rf1 Qxh2 24. Qf3 Rh5 25. Qxf7+ Kh7 26. Rg4 Rh6 27. Rgf4 Ba6 28. Rc1 Qxh3 29. Rf3 Qg4 30. a3 h3 0-1


[Site "https://www.chess.com"]

[Event "Titled Tuesday Blitz December 20 Early 2022"]
[White "Hsu, Li Yang"]
[Black "TigrVShlyape"]
[WhiteFideId "5800080"]
[WhiteElo "2427"]
[BlackElo "2914"]
[Result "0-1"]
[Round "05"]
[TimeControl "180+2"]
[Date "2022.12.20"]
[WhiteClock "0:00:04"]
[BlackClock "0:00:47"]

1. Nf3 Nf6 2. g3 g6 3. Bg2 Bg7 4. O-O O-O 5. d4 d5 6. c4 c6 7. cxd5 cxd5 8. Nc3 e6 9. Ne5 Nfd7 10. Bf4 Nxe5 11. Bxe5 Bxe5 12. dxe5 Nc6 13. f4 Qb6+ 14. Kh1 Qxb2 15. Qd3 Qb4 16. Rfb1 Qe7 17. a4 b6 18. e4 d4 19. Nb5 Ba6 20. Rc1 Rac8 21. Qd2 Bxb5 22. axb5 Na5 23. Qd3 Rxc1+ 24. Rxc1 Rd8 25. h4 h5 26. Kh2 Nb7 27. Rc4 Nc5 28. Qd2 d3 29. Bf1 Nb3 30. Qd1 d2 31. f5 exf5 32. exf5 Nc5 33. fxg6 fxg6 34. Rc2 Qxe5 35. Rxd2 Rxd2+ 36. Qxd2 Qxg3+ 0-1


[Site "https://www.chess.com"]

[Event "Titled Tuesday Blitz December 20 Early 2022"]
[White "Ibarra Jerez, Jose Carlos"]
[Black "DefiantChair"]
[WhiteFideId "2226332"]
[WhiteElo "2563"]
[BlackElo "2631"]
[Result "1-0"]
[Round "05"]
[TimeControl "180+2"]
[Date "2022.12.20"]
[WhiteClock "0:00:56"]
[BlackClock "0:00:17"]

1. e4 e5 2. Nf3 Nc6 3. Bb5 Nf6 4. O-O Nxe4 5. d4 Nd6 6. dxe5 Nxb5 7. a4 Nbd4 8. Nxd4 d5 9. Nxc6 bxc6 10. Qd3 a5 11. Re1 Qd7 12. Nd2 Qf5 13. Qc3 Ra6 14. Qg3 Be6 15. Nf3 Qxc2 16. Nd4 Qg6 17. Qe3 Bc5 18. Bd2 O-O 19. Bc3 Bb4 20. Bxb4 axb4 21. Nb3 Rfa8 22. Nc5 Ra5 23. b3 Bh3 24. g3 Qf5 25. Rac1 Bg4 26. Qd4 Bf3 27. Re3 g5 28. e6 fxe6 29. Nxe6 Qf7 30. Nxg5 c5 31. Nxf7 cxd4 32. Rxf3 c5 33. Ne5 R8a6 34. Nd7 c4 35. bxc4 Rc6 36. c5 Rc7 37. Nf6+ Kg7 38. Nxd5 Rcxc5 39. Rxc5 Rxc5 40. Nxb4 Rc1+ 41. Kg2 Ra1 42. Rf4 1-0


[Site "https://www.chess.com"]

[Event "Titled Tuesday Blitz December 20 Early 2022"]
[White "Imperial, Genghis"]
[Black "Agh, Miklos"]
[WhiteFideId "5230403"]
[BlackFideId "703176"]
[WhiteElo "1812"]
[BlackElo "2152"]
[Result "1-0"]
[Round "05"]
[TimeControl "180+2"]
[Date "2022.12.20"]
[WhiteClock "0:01:20"]
[BlackClock "0:01:00"]

1. e4 e5 2. Nf3 Nc6 3. Nc3 Nf6 4. Bb5 Bb4 5. O-O O-O 6. Bxc6 bxc6 7. Nxe5 Bxc3 8. dxc3 Nxe4 9. Nd3 d6 10. Re1 Re8 11. Qf3 d5 12. Bf4 Be6 13. Rad1 Rb8 14. h3 c5 15. Qe3 c4 16. Nb4 Qd7 17. Qxa7 Qb5 18. Qxc7 Rec8 19. Qe5 Rb7 20. Nxd5 1-0


[Site "https://www.chess.com"]

[Event "Titled Tuesday Blitz December 20 Early 2022"]
[White "IngOscarArdila"]
[Black "PavelChernomordik"]
[WhiteElo "2196"]
[BlackElo "2434"]
[Result "0-1"]
[Round "05"]
[TimeControl "180+2"]
[Date "2022.12.20"]
[WhiteClock "0:00:08"]
[BlackClock "0:00:04"]

1. d4 g6 2. c4 Bg7 3. Nf3 d6 4. Nc3 Nc6 5. e3 e5 6. Be2 Nge7 7. O-O exd4 8. exd4 Nf5 9. d5 Ncd4 10. Re1 O-O 11. Bd3 Nxf3+ 12. Qxf3 Nd4 13. Qg3 Bf5 14. Bg5 Qc8 15. Rad1 Bxd3 16. Qxd3 Re8 17. Kf1 a6 18. Rxe8+ Qxe8 19. Re1 Qc8 20. h3 h6 21. Bh4 Nf5 22. Bg3 Qd7 23. Bf4 Re8 24. Rxe8+ Qxe8 25. g4 Nd4 26. Be3 Nf3 27. Qe4 Qxe4 28. Nxe4 Bxb2 29. Bxh6 Ne5 30. c5 Nc4 31. Ke2 b5 32. Bf4 Be5 33. Bxe5 dxe5 34. d6 cxd6 35. cxd6 Kf8 36. Kd3 Ke8 37. a4 Kd7 38. axb5 axb5 39. Ng5 f6 40. Ne4 Ke6 41. h4 Nxd6 42. Nc5+ Kd5 43. Nd7 Ke6 44. Nc5+ Kd5 45. Nd7 f5 46. f3 e4+ 47. fxe4+ Nxe4 48. gxf5 gxf5 49. h5 Ke6 50. Nb6 Kf6 51. Nd5+ Kg5 52. Nc7 Nd6 53. Kd4 Kxh5 54. Kd5 f4 55. Ne6 f3 56. Nf4+ Kg4 57. Nd3 Nc4 58. Kc5 Kf5 59. Kxb5 Ke4 60. Nf2+ Ke3 61. Ng4+ Kf4 62. Nf2 Ne5 63. Nh3+ Kg3 64. Nf4 Kxf4 0-1


[Site "https://www.chess.com"]

[Event "Titled Tuesday Blitz December 20 Early 2022"]
[White "InitiatingASC"]
[Black "cancrushyou"]
[WhiteElo "2412"]
[BlackElo "2530"]
[Result "1-0"]
[Round "05"]
[TimeControl "180+2"]
[Date "2022.12.20"]
[WhiteClock "0:00:04"]
[BlackClock "0:00:23"]

1. Nf3 d5 2. g3 Nf6 3. Bg2 e6 4. O-O Be7 5. c4 O-O 6. b3 b6 7. Bb2 c5 8. d4 Bb7 9. dxc5 Bxc5 10. cxd5 Nxd5 11. Nc3 Nxc3 12. Bxc3 Qe7 13. Qc1 Nd7 14. Rd1 Nf6 15. Qg5 h6 16. Bxf6 Qxf6 17. Qxf6 gxf6 18. Nd2 Bxg2 19. Kxg2 Rfd8 20. Ne4 Be7 21. Kf3 f5 22. Nd2 b5 23. Nf1 a5 24. Rac1 a4 25. Ne3 Rxd1 26. Rxd1 axb3 27. axb3 Ra2 28. Rd7 Bf8 29. Rb7 b4 30. Nc4 f6 31. e3 Ra1 32. Rb6 Kf7 33. h4 h5 34. Rb7+ Kg6 35. Rb6 Rb1 36. Rxe6 Rxb3 37. Ne5+ Kg7 38. Nd7 f4 39. Nxf8 fxe3 40. Rxe3 Rxe3+ 41. Kxe3 Kxf8 42. Kd3 Ke7 43. Kc4 Ke6 44. Kxb4 Ke5 45. Kc5 Ke4 46. Kd6 Kf3 47. Ke6 Kxf2 48. Kxf6 Kxg3 49. Kg5 Kf3 50. Kxh5 Kf4 51. Kg6 1-0


[Site "https://www.chess.com"]

[Event "Titled Tuesday Blitz December 20 Early 2022"]
[White "Iskusnyh, Sergei"]
[Black "De Firmian, Nick"]
[WhiteFideId "4120027"]
[BlackFideId "2000105"]
[WhiteElo "2440"]
[BlackElo "2460"]
[Result "1-0"]
[Round "05"]
[TimeControl "180+2"]
[Date "2022.12.20"]
[WhiteClock "0:00:41"]
[BlackClock "0:00:17"]

1. d4 Nf6 2. c4 g6 3. g3 c6 4. Bg2 d5 5. e3 Bg7 6. Ne2 O-O 7. O-O dxc4 8. Na3 Be6 9. Qc2 Na6 10. Bd2 Bf5 11. e4 Bg4 12. f3 Be6 13. Nxc4 Nd7 14. Rfd1 Nb6 15. Na5 Bc8 16. Be1 Nc7 17. b4 e6 18. Rac1 Qe7 19. a3 Nb5 20. Qb3 Rd8 21. Bf2 h5 22. h4 Nd6 23. Nf4 Ne8 24. Be3 Nf6 25. Nd3 Nbd7 26. Bg5 Kh7 27. e5 Qf8 28. exf6 Nxf6 29. Ne5 Nd5 30. Bxd8 Qxd8 31. Nxf7 Qf6 32. Ng5+ Kg8 33. f4 Ne7 34. Kh2 Nf5 35. Qd3 Nh6 36. Bh3 Nf5 37. Bxf5 exf5 38. Qc4+ Kh8 39. Re1 Bd7 40. Re5 b5 41. Qf7 Qd6 42. Re7 Qxd4 43. Rxd7 Qf2+ 44. Kh3 Rg8 45. Qxg6 1-0


[Site "https://www.chess.com"]

[Event "Titled Tuesday Blitz December 20 Early 2022"]
[White "Jacomet Rodriguez, Josep-M."]
[Black "Manish Anto Cristiano F"]
[WhiteFideId "54509815"]
[BlackFideId "25095927"]
[WhiteElo "3034"]
[BlackElo "2485"]
[Result "1-0"]
[Round "05"]
[TimeControl "180+2"]
[Date "2022.12.20"]
[WhiteClock "0:02:23"]
[BlackClock "0:02:03"]

1. e4 c5 2. Nf3 d6 3. d4 cxd4 4. Nxd4 Nf6 5. Nc3 a6 6. f3 e5 7. Nb3 Be6 8. Be3 Nc6 9. Qd2 d5 10. exd5 Nxd5 11. Nxd5 Qxd5 12. Qxd5 Bxd5 13. O-O-O Rd8 14. Bb6 Rd7 15. Nc5 Bxc5 16. Bxc5 f6 17. b3 Kf7 18. Bc4 Rhd8 19. Bb6 Bxc4 20. Bxd8 Rxd8 21. Rxd8 Nxd8 22. bxc4 Ne6 23. Kd2 Ke7 24. Rb1 Nc5 25. Ke3 Kd6 26. h4 Kc6 27. g4 Ne6 28. c3 Nf4 29. Ke4 g6 30. g5 fxg5 31. hxg5 Nh3 32. Kxe5 Nxg5 33. Rf1 h5 34. Kf6 Nh3 35. Kxg6 Nf4+ 36. Kg5 Ne2 37. Re1 Nxc3 38. Kxh5 Kc5 39. f4 Kxc4 40. Rc1 b5 41. f5 b4 42. f6 a5 43. f7 a4 44. f8=Q b3 45. Qf7+ Kb4 46. Qe7+ Kc4 47. Qc7+ Kb4 48. Qxc3+ 1-0


[Site "https://www.chess.com"]

[Event "Titled Tuesday Blitz December 20 Early 2022"]
[White "Jannat Makan, Ali Reza"]
[Black "RamonManon0g"]
[WhiteFideId "22583556"]
[WhiteElo "1621"]
[BlackElo "2372"]
[Result "0-1"]
[Round "05"]
[TimeControl "180+2"]
[Date "2022.12.20"]
[WhiteClock "0:00:03"]
[BlackClock "0:01:08"]

1. e4 c5 2. Nf3 d6 3. d4 cxd4 4. Nxd4 Nf6 5. Nc3 a6 6. Be3 e5 7. Nb3 Be7 8. f3 h5 9. Qd2 O-O 10. O-O-O Be6 11. Be2 Nbd7 12. Kb1 b5 13. Nd5 Nxd5 14. exd5 Bf5 15. Na5 Nf6 16. Nc6 Qd7 17. h3 Rfc8 18. g4 Bg6 19. Nxe7+ Qxe7 20. Bd3 e4 21. fxe4 Nxe4 22. Qg2 h4 23. Bd4 Ng3 24. Rhe1 Qg5 25. Be3 Qf6 26. Bxg6 Qxg6 27. Bf4 Nh5 28. Be3 Nf6 29. Bd4 Rc4 30. Bxf6 Qxf6 31. Rf1 Qg6 32. Rde1 Rac8 33. Re2 b4 34. b3 Rc3 35. Kb2 a5 36. Qf2 Rxh3 37. Rfe1 Rg3 38. Re8+ Rxe8 39. Rxe8+ Kh7 40. Qf4 Rxg4 41. Qf2 h3 42. Rc8 Qf6+ 43. Qxf6 gxf6 0-1


[Site "https://www.chess.com"]

[Event "Titled Tuesday Blitz December 20 Early 2022"]
[White "JoliyRoger"]
[Black "Patterson, Fheopatrick"]
[BlackFideId "30939364"]
[WhiteElo "2429"]
[BlackElo "1497"]
[Result "0-1"]
[Round "05"]
[TimeControl "180+2"]
[Date "2022.12.20"]
[WhiteClock "0:00:18"]
[BlackClock "0:00:44"]

1. d4 Nf6 2. c4 c5 3. d5 b5 4. cxb5 a6 5. e3 d6 6. Nc3 g6 7. a4 Bg7 8. Bc4 O-O 9. Nge2 Nbd7 10. O-O Ne5 11. b3 Nxc4 12. bxc4 e6 13. e4 Nxe4 14. Nxe4 Bxa1 15. dxe6 Bxe6 16. Nxd6 axb5 17. axb5 Be5 18. Bf4 Ra1 19. Qd2 Rxf1+ 20. Kxf1 Bxd6 21. Bxd6 Bxc4 22. b6 Re8 23. b7 Rxe2 24. Qxe2 Bxe2+ 25. Kxe2 Qxd6 0-1


[Site "https://www.chess.com"]

[Event "Titled Tuesday Blitz December 20 Early 2022"]
[White "Just_Lucky_1"]
[Black "ChessicallyInclined"]
[WhiteElo "2484"]
[BlackElo "2693"]
[Result "0-1"]
[Round "05"]
[TimeControl "180+2"]
[Date "2022.12.20"]
[WhiteClock "0:00:36"]
[BlackClock "0:01:57"]

1. e4 a6 2. d4 e6 3. Nf3 d5 4. Nc3 Nf6 5. Bd3 c5 6. exd5 cxd4 7. Nxd4 Nxd5 8. Nxd5 Qxd5 9. O-O Bd7 10. Nb3 Nc6 11. Be3 Be7 12. c3 O-O 13. Qe2 Ne5 14. Bc2 Bb5 15. Qh5 g6 16. Qh3 Bxf1 17. Rxf1 Rfd8 18. f4 Nc4 19. Bd4 Bf8 20. f5 exf5 21. Rxf5 Qd7 22. Qxh7+ Kxh7 23. Rh5+ Bh6 0-1


[Site "https://www.chess.com"]

[Event "Titled Tuesday Blitz December 20 Early 2022"]
[White "Karjakin, Sergey"]
[Black "wonderfultime"]
[WhiteFideId "14109603"]
[WhiteElo "2747"]
[BlackElo "3066"]
[Result "0-1"]
[Round "05"]
[TimeControl "180+2"]
[Date "2022.12.20"]
[WhiteClock "0:00:03"]
[BlackClock "0:00:08"]

1. d4 d5 2. c4 c6 3. Nf3 Nf6 4. e3 Bf5 5. Nc3 e6 6. Nh4 Be4 7. f3 Bg6 8. Qb3 Qc7 9. Bd2 Be7 10. O-O-O dxc4 11. Bxc4 b5 12. Be2 a6 13. Nxg6 hxg6 14. g3 c5 15. dxc5 Nbd7 16. Kb1 Nxc5 17. Qc2 Rc8 18. e4 O-O 19. Be3 Na4 20. Rc1 Qe5 21. Qb3 Nc5 22. Qc2 Qb8 23. Bf4 Qb7 24. e5 Nfd7 25. Ne4 Nxe4 26. Qxe4 Qxe4+ 27. fxe4 g5 28. Rcd1 Rfd8 29. Be3 Nxe5 30. Bb6 Rxd1+ 31. Rxd1 Bf6 32. b3 Kh7 33. Be3 Kg6 34. h3 Rh8 35. Bf1 Rc8 36. Be2 Be7 37. Bd4 Nc6 38. Bb2 Bf6 39. Bc1 Be5 40. h4 Nd4 41. Bd3 g4 42. Rh1 Kh7 43. h5 Nf3 44. Be2 Rd8 45. Rf1 Nd2+ 46. Bxd2 Rxd2 47. Bxg4 Kg8 48. Bd1 Rb2+ 49. Kc1 Rxa2 50. g4 a5 51. g5 a4 52. bxa4 bxa4 53. g6 fxg6 54. hxg6 a3 55. Rf3 Ra1+ 56. Kc2 Rxd1 57. Rxa3 Rd8 58. Ra6 Re8 59. Kd3 Kf8 60. Ra7 Rd8+ 61. Ke2 Rc8 62. Rf7+ Ke8 63. Ra7 Rc7 64. Ra8+ Ke7 65. Kd3 Kf6 66. Ra6 Rc3+ 67. Kd2 Rg3 68. Ke2 Rxg6 69. Ra8 Rg2+ 70. Kf3 Rg3+ 71. Kf2 Rb3 72. Rf8+ Ke7 73. Rh8 g5 74. Rg8 Bf4 75. Kg2 Kf6 0-1


[Site "https://www.chess.com"]

[Event "Titled Tuesday Blitz December 20 Early 2022"]
[White "KarstenHansch"]
[Black "Ordekalog"]
[WhiteElo "2520"]
[BlackElo "2796"]
[Result "0-1"]
[Round "05"]
[TimeControl "180+2"]
[Date "2022.12.20"]
[WhiteClock "0:00:14"]
[BlackClock "0:00:47"]

1. e4 d5 2. exd5 Nf6 3. d4 Nxd5 4. c4 Nb6 5. Nf3 g6 6. Nc3 Bg7 7. h3 O-O 8. Be3 Nc6 9. Qd2 e5 10. d5 Na5 11. b3 e4 12. Nd4 c6 13. dxc6 Nxc6 14. O-O-O Qe7 15. Nxc6 bxc6 16. Bd4 Rd8 17. Qe3 Rxd4 18. Rxd4 Qf6 19. Rxe4 Be6 20. Nb1 h5 21. Bd3 Kh7 22. f4 Bf5 23. Re5 Bxd3 24. Qxd3 Qxf4+ 25. Re3 Bd4 26. Re1 Re8 27. Kd2 c5 28. Nc3 Re5 29. Ne4 Kg7 30. Kc2 Bxe3 31. Qxe3 Qf5 32. Qd3 Qd7 33. Qxd7 Nxd7 34. Re2 f5 35. Ng3 Kf6 36. Rxe5 Kxe5 37. Kd3 f4 38. Ne2 g5 39. Nc3 Nf8 40. Nb5 a6 41. Nc7 a5 42. a3 g4 43. hxg4 h4 44. Nd5 f3 45. Ke3 fxg2 46. Kf2 h3 47. b4 cxb4 48. axb4 a4 49. Nc3 a3 50. b5 Nd7 51. g5 Kd4 52. g6 Kxc3 53. g7 Nf6 54. b6 a2 55. b7 a1=Q 56. b8=Q Qf1+ 57. Kg3 g1=Q+ 58. Kh4 Qg4# 0-1


[Site "https://www.chess.com"]

[Event "Titled Tuesday Blitz December 20 Early 2022"]
[White "KerryStead"]
[Black "fks_stal_mielec"]
[WhiteElo "2033"]
[BlackElo "2284"]
[Result "1-0"]
[Round "05"]
[TimeControl "180+2"]
[Date "2022.12.20"]
[WhiteClock "0:00:25"]
[BlackClock "0:00:03"]

1. d4 Nf6 2. f3 d5 3. e4 dxe4 4. Nc3 exf3 5. Nxf3 Bg4 6. h3 Bh5 7. g4 Bg6 8. Ne5 e6 9. h4 Bb4 10. Bg2 Be4 11. Bxe4 Nxe4 12. Qf3 Nf6 13. Be3 Nbd7 14. Nxf7 Kxf7 15. g5 c5 16. dxc5 Ne5 17. Qf4 Bxc3+ 18. bxc3 Qd5 19. O-O Rhd8 20. gxf6 gxf6 21. Qxf6+ Kg8 22. Bh6 Qxc5+ 23. Rf2 Rd7 24. Qxe6+ Kh8 25. Qf6+ Kg8 26. Re1 Re8 27. Be3 1-0


[Site "https://www.chess.com"]

[Event "Titled Tuesday Blitz December 20 Early 2022"]
[White "Khudoly, Kostya"]
[Black "Pastana, Rafael Pedroni"]
[WhiteFideId "14111454"]
[BlackFideId "2140756"]
[WhiteElo "2262"]
[BlackElo "1978"]
[Result "0-1"]
[Round "05"]
[TimeControl "180+2"]
[Date "2022.12.20"]
[WhiteClock "0:00:01"]
[BlackClock "0:00:42"]

1. e4 c5 2. Nf3 e6 3. d4 cxd4 4. Nxd4 a6 5. Bd3 Qc7 6. Qe2 d6 7. O-O Nf6 8. c4 Be7 9. Nc3 Nbd7 10. f4 O-O 11. b3 b6 12. Bb2 Bb7 13. Kh1 Rfe8 14. Rae1 Bf8 15. Qf2 Rad8 16. Qg3 Nc5 17. Bb1 d5 18. cxd5 exd5 19. e5 Nfe4 20. Qf3 Nd2 21. Qh3 Nxb1 22. Rxb1 Ne4 23. Nxe4 dxe4 24. Rbc1 Qd7 25. Qg3 Bc5 26. Rfd1 Qd5 27. h4 Bxd4 28. Rxd4 Qe6 29. Rcd1 Rxd4 30. Rxd4 h5 31. Rd6 Qg4 32. Qxg4 hxg4 33. Kg1 Rc8 34. Rxb6 Bd5 35. Rd6 Be6 36. Rd2 a5 37. Kf2 a4 38. bxa4 Ra8 39. Rd4 Rb8 40. Bc3 Rc8 41. Bd2 Rc2 42. a5 Rxa2 43. Ke3 g6 44. Kxe4 Ra3 45. h5 Kg7 46. hxg6 Kxg6 47. Rd6 Ra4+ 48. Ke3 Kf5 49. Rd4 Ra3+ 50. Ke2 Ra2 51. g3 Ra3 52. Rd8 Rxg3 53. Rg8 Ra3 54. Rg5+ Ke4 55. Rg8 Bc4+ 56. Ke1 g3 57. f5 Ra1+ 58. Bc1 Rxc1+ 59. Kd2 Ra1 60. Rxg3 Kxf5 0-1


[Site "https://www.chess.com"]